 Dungeon Crawl Stone Soup version 0.31-a0-325-g067879e3d3 (webtiles) character file.

Game seed: 9950562302886455406

238 cforsyth the Changeling (level 5, -4/41 HPs)
             Began as a Vampire Shapeshifter on July 19, 2023.
             Killed by divine providence
             ... invoked by an orc priest
              (11 damage)
             ... on level 4 of the Dungeon.
             The game lasted 00:02:44 (2099 turns).

cforsyth the Changeling (Vampire Shapeshifter)      Turns: 2099, Time: 00:02:45

Health: -4/41      AC:  6    Str: 22    XL:     5   Next: 78%
Magic:  5/5        EV: 12    Int: 11    God:
Gold:   75         SH:  0    Dex: 14    Spells: 4/4 levels left

rFire   . .          .
                       - Unarmed
rCold   + + +        (no shield)
rNeg    . . .        a - +0 animal skin
rPois   .            (helmet currently unavailable)
rElec   .            (cloak currently unavailable)
rCorr   .            (gloves currently unavailable)
SInv    +            (boots currently unavailable)
Will    .....        f - amulet of magic regeneration
Stlth   ++           k - ring "Zezaty" {Drain rC+++ Str+6 SInv Stlth+}
HPRegen 0.46/turn    n - +4 ring of protection
MPRegen 0.49/turn

%: no passive effects
@: beast-form, healing quickly
A: beast (slay +3), alive, fangs 3, see invisible, vampiric 2
a: Exsanguinate, Begin Untransformation


You were on level 4 of the Dungeon.
You were a hulking beast.
You visited 1 branch of the dungeon, and saw 5 of its levels.

You collected 75 gold pieces.

Inventory:

Armour
 a - a +0 animal skin (worn)
Jewellery
 f - an amulet of magic regeneration (around neck)
 k - the ring "Zezaty" (left hand) {Drain rC+++ Str+6 SInv Stlth+}
   (You found it on level 2 of the Dungeon)

   [ring of strength]

   Str:       It affects your strength (+6).
   rC:        It renders you almost immune to cold.
   SInv:      It lets you see invisible.
   Drain:     It drains your maximum health when unequipped.
   Stlth:     It makes you more stealthy.
 n - a +4 ring of protection (right hand)
 q - the ring of Emobriw {rF+ rN+}
   (You found it on level 3 of the Dungeon)

   [ring of protection from fire]

   rF:        It protects you from fire.
   rN:        It protects you from negative energy.
Talismans
 c - a beast talisman
Scrolls
 e - a scroll of revelation {unknown}
 i - 3 scrolls of amnesia {unknown}
 j - 5 scrolls of identify {unknown}
 l - 2 scrolls of teleportation {unknown}
 m - a scroll of torment {unknown}
 o - a scroll of fear {unknown}
Potions
 b - a potion of lignification
 d - a potion of haste {unknown}
 g - a potion of berserk rage {unknown}
 h - a potion of ambrosia {unknown}
 p - a potion of invisibility {unknown}


   Skills:
 + Level 3.5 Fighting
 - Level 2.1 Dodging
 + Level 4.2 Unarmed Combat
 + Level 4.4 Shapeshifting


You had 4 spell levels left.
You didn't know any spells.
Your spell library contained the following spells:

 Spells                   Type           Power      Damage    Failure   Level
 Sandblast                Erth           0%         2d4       34%         1
 Passwall                 Tmut/Erth      0%         N/A       47%         2
 Scorch                   Fire           0%         2d5       47%         2
 Ozocubu's Armour         Ice            0%         N/A       71%         3
 Stone Arrow              Conj/Erth      0%         3d7       71%         3
 Animate Armour           Summ/Erth      0%         N/A       98%         4
 Animate Dead             Necr           0%         N/A       98%         4
 Flame Wave               Conj/Fire      0%         2d4       98%         4
 Summon Cactus Giant      Summ           0%         N/A       100%        6
 Haunt                    Necr/Summ      0%         N/A       100%        7
 Ozocubu's Refrigeration  Ice            0%         4d7       100%        7
 Infestation              Necr           0%         N/A       100%        8
 Lehudib's Crystal Spear  Conj/Erth      0%         10d2      100%        8


Dungeon Overview and Level Annotations

Branches:
Dungeon (5/15)
 Temple: D:4-7

Altars:
Dithmenos
Uskayaw

Shops:
D:3 (

Annotations:
D:2 1 runed translucent door, Crazy Yiuf


Innate Abilities, Weirdness & Mutations

You are a hulking beast.
Your limbs bulge with bestial killing power. (Slay +3)
Your natural rate of healing is accelerated.
You have razor-sharp teeth.
You have supernaturally acute eyesight. (SInv)
You are afflicted with vampirism and can become a bat while bloodless.


Message History

The orc priest is moderately wounded.
You hear a shout!
You closely miss the orc priest.
The orc priest is moderately wounded.
The orc priest hits you but does no damage.
You punch the orc priest!
The orc priest is almost dead.
The orc priest barely misses you. The orc closely misses you.
The kobold shouts!
You hit the orc priest.
You kill the orc priest!
The orc closely misses you.
You hit the orc.
The orc is moderately wounded.
The orc zaps a wand.
You resist with some effort.
You hit the orc but do no damage.
The orc is moderately wounded.
The orc warrior barely misses you. The orc barely misses you.
The orc wizard gestures at you while chanting.
The puff of flame hits you.
You hit the orc. You punch the orc.
You kill the orc!
The orc warrior misses you. The orc hits you with a +0 flail.
The orc priest calls down the wrath of Beogh upon you.
Beogh smites you!
The orc priest invokes the aid of Beogh against you.
Beogh smites you!
You are too injured to fight recklessly!
You are too injured to fight recklessly!
Unknown command.
Unknown command.
The orc attacks as you move away! The orc hits you with a +0 flail.
* * * LOW HITPOINT WARNING * * *
Unknown command.
The orc wizard gestures at you while chanting.
The magic dart hits you.
* * * LOW HITPOINT WARNING * * *
The orc priest calls down the wrath of Beogh upon you.
Beogh smites you!
You die...

#..... #....#........#
.....+##..#.#........#
## #...#...#........#
#.#...#.#........# #
#.#.).#........#
#.#...#)..........
.#####...#...$........
.....'##...^#........
#.#... #.h.>...####.#
#....o###.......####.
.#..K#oo.#...........#
....o.o.........######
.######)........#
♣♣♣♣).....#
≈≈≈≈≈.)♣........
.....§.♣....<###
.≈≈≈.≈.♣.....#


You could see an orc warrior and an orc priest.

Vanquished Creatures
  An orc priest (D:4)
  2 sleepcaps (D:4)
  An iguana (D:4)
  An orc wizard (D:4)
  3 adders
  2 worms (D:2)
  2 dart slugs
  7 orcs
  2 endoplasms
  6 giant cockroaches
  5 goblins
  5 hobgoblins
  2 jackals (D:1)
  4 kobolds
  A quokka (D:2)
  8 ball pythons
  4 bats
  2 frilled lizards (D:2)
  3 rats
61 creatures vanquished.

Notes
Turn   | Place    | Note
-------+----------+-------------------------------------------
     0 | D:1      | cforsyth the Vampire Shapeshifter began the quest for the
                  | Orb.
     0 | D:1      | Reached XP level 1. HP: 16/16 MP: 1/1
    90 | D:1      | Found a faded altar of an unknown god.
   454 | D:1      | Reached XP level 2. HP: 22/22 MP: 2/2
   594 | D:2      | Gained mutation: You are afflicted with vampirism and can
                  | become a bat while bloodless. [Vampire growth]
   594 | D:2      | Reached XP level 3. HP: 6/28 MP: 3/3
   668 | D:2      | Identified the ring "Zezaty" {Drain rC+++ Str+6 SInv
                  | Stlth+}
  1020 | D:2      | Found a runed translucent door.
  1021 | D:2      | Noticed Crazy Yiuf
  1481 | D:3      | Identified the ring of Emobriw {rF+ rN+}
  1634 | D:3      | Reached XP level 4. HP: 34/34 MP: 4/4
  1636 | D:3      | Found a hide-covered altar of Uskayaw.
  1714 | D:3      | Found Yteryoda's Antique Weapon Shoppe.
  1904 | D:4      | Reached XP level 5. HP: 17/41 MP: 5/5
  1920 | D:5      | Entered Level 5 of the Dungeon
  2045 | D:4      | Found a shadowy altar of Dithmenos.
  2088 | D:4      | Noticed an orc warrior
  2099 | D:4      | Killed from afar by an orc priest

Illustrated notes

Levels and vault maps discovered:
D:1:      arrival_zaba_pyramid, layout_rooms, shapermc_ecumenical_altar_pompeii
D:2:      layout_basic, uniq_crazy_yiuf_cottage
D:3:      layout_rooms, nicolae_uskayaw_murder_on_the_dancefloor, serial_shops,
          nicolae_shop_stone
D:4:      layout_basic, mainiacjoe_overflow_paths,
          minmay_fractal_squares_diagonal_5
D:5:      layout_basic, mainiacjoe_overflow_cross_hatched, minmay_mini_ossuary

Skill      XL: |  1  2  3  4  5 |
---------------+----------------+-----
Fighting       | 2 3 |  3.5
Unarmed Combat | 3 4 |  4.2
Shapeshifting  | 4 |  4.4
Dodging        | |  2.1

Action                     |  1- 3 |  4- 6 || total
---------------------------+-------+-------++-------
  Melee: Unarmed           |   102 |    65 ||   167
         Bite              |     7 |     8 ||    15
         Punch             |     2 |     1 ||     3
   Stab: Sleeping          |     5 |     1 ||     6
 Armour: Animal skin       |    27 |    22 ||    49
  Dodge: Dodged            |    81 |    36 ||   117

Table legend: (Time is in decaauts)
 A = Elapsed time spent in this place.
 B = Non-inter-level travel time spent in this place.
 C = Inter-level travel time spent in this place.
 D = Time resting spent in this place.
 E = Time spent auto-exploring this place.
 F = Levels seen in this place.
 G = Mean time per level.
                   A        B        C        D        E       F      G
               +--------+--------+--------+--------+--------+-----+--------+
         Total |   2087 |   2005 |     82 |     69 |   1506 |   5 |  417.4 |
       Dungeon |   2087 |   2005 |     82 |     69 |   1506 |   5 |  417.4 |
               +--------+--------+--------+--------+--------+-----+--------+

Top non-repeatable levels by time:
     D:2: 785 daAuts
     D:1: 568 daAuts
     D:3: 460 daAuts
     D:4: 236 daAuts
     D:5: 36 daAuts
